 Dungeon Crawl Stone Soup version 0.13.0-29-gdb529de (webtiles) character file.

243 Lilouch the Sneak (level 5, -5/31 HPs)
             Began as an Octopode Fire Elementalist on Nov 5, 2013.
             Killed from afar by senseless' ghost (8 damage)
             ... with a magic dart
             ... on Level 3 of the Dungeon.
             The game lasted 00:17:52 (3514 turns).

Lilouch the Sneak (Octopode Fire Elementalist)      Turns: 3514, Time: 00:17:53

HP  -5/31        AC  1     Str  7      XL: 5   Next: 46%
MP   4/10        EV 13     Int 18      God:
Gold 78          SH  0     Dex 13      Spells:  3 memorised,  2 levels left

Res.Fire  : . . .   See Invis. : .   n - -1,+1 orc trident
Res.Cold  : . . .   Warding    : .   (no shield)
Life Prot.: + . .   Conserve   : .   (helmet restricted)
Res.Poison: .       Res.Corr.  : .   (no amulet)
Res.Elec. : .       Clarity    : .   w - ring of positive energy {unknown}
Sust.Abil.: . .     Spirit.Shd : .   (no ring)
Res.Mut.  : .       Stasis     : .   (no ring)
Res.Rott. : .       Flight     : .   (no ring)
Saprovore : . . .                    (no ring)
                                     (no ring)
                                     (no ring)
                                     (no ring)

@: slightly resistant to hostile enchantments, quite stealthy
A: almost no armour, amphibious, 8 rings, constrict 8, camouflage 1, AC +1
a: no special abilities


You were on level 3 of the Dungeon.
You were hungry.

You visited 1 branch of the dungeon, and saw 3 of its levels.

You collected 58 gold pieces.

Inventory:

Hand weapons
 e - a +0,+0 dagger
 j - a -1,+1 orcish dagger
 n - a -1,+1 orcish trident (weapon)
 p - a +0,+1 orcish dagger
 q - a +0,+0 dagger (quivered)
 x - a +0,+0 spear
Comestibles
 a - an apple
 c - 2 bread rations
 g - a cheese
 o - a meat ration
 r - 4 chunks of orc flesh
 u - 4 chunks of orc flesh
Scrolls
 d - 4 scrolls of identify {unknown}
 f - a scroll of noise {unknown}
 i - a scroll of fog {unknown}
 l - a scroll of remove curse {unknown}
 m - 2 scrolls of fear {unknown}
 s - 2 scrolls of teleportation {unknown}
Jewellery
 w - a ring of positive energy (left tentacle) {unknown}
Potions
 h - 3 potions of curing
 k - a potion of speed {unknown}
 t - 2 potions of agility {unknown}
 v - a potion of heal wounds {unknown}
Books
 b - a book of Flames

   Spells                             Type                      Level
   *Flame Tongue                      Conjuration/Fire             1
   Throw Flame                        Conjuration/Fire             2
   *Conjure Flame                     Conjuration/Fire             3
   Inner Flame                        Hexes/Fire                   3
   *Sticky Flame                      Conjuration/Fire             4
   Fireball                           Conjuration/Fire             5


   Skills:
 + Level 3.0 Dodging
 + Level 4.2 Stealth
 * Level 3.0 Spellcasting
 + Level 2.2 Conjurations
 + Level 3.0 Fire Magic


You had 2 spell levels left.
You knew the following spells:

 Your Spells              Type           Power        Failure   Level  Hunger
a - Flame Tongue          Conj/Fire      ##...        8%          1    None
b - Conjure Flame         Conj/Fire      ##......     21%         3    ###....
c - Sticky Flame          Conj/Fire      ##......     67%         4    ####...


Dungeon Overview and Level Annotations

Branches:
Dungeon (3/27)

Altars:

Annotations:
D:3 senseless' ghost, average OpCj


Innate Abilities, Weirdness & Mutations

You cannot wear most types of armour.
You are amphibious.
You can wear up to eight rings at the same time.
You can use your tentacles to constrict many enemies at once.
Your skin changes colour to match your surroundings (Stlth).
Your rubbery body absorbs attacks (AC +1).


Message History

Attack whom?
Press: ? - help, Dir - move target cursor, f/p - senseless' ghost
Aim: senseless' ghost You reach to attack!
You barely miss senseless' ghost.
Casting: Conjure Flame
Confirm with . or Enter, or press ? or * to list all spells.
Aiming: Sticky Flame
Press: ? - help, Shift-Dir - straight line, f/p - senseless' ghost
Aim: senseless' ghost The sticky flame hits senseless' ghost.
Senseless' ghost is lightly damaged.
You are feeling hungry.
Senseless' ghost points at you and mumbles some strange words.
The magic dart hits you!
* * * LOW HITPOINT WARNING * * *
An adder comes into view.
The adder moves out of view.
Senseless' ghost gestures at you while chanting.
The magic dart hits you!
You die...

# ##### ... ..... ... ##### #
.. ########
#...#.################......#
#......).Sp.@................
#.)...##########............#
#.... #.#####......# #... #.#
#......# #.. #.# #......# .
#.# #......# #.# #......# #.#
#......# #.# #......#


You could see senseless' ghost and an adder.

Vanquished Creatures
  7 adders
  A worm (D:2)
  A giant mite (D:2)
  2 giant geckos (D:1)
  An ooze (D:3)
  13 orcs (D:3)
  6 giant cockroaches
  8 hobgoblins
  3 jackals (D:1)
  4 quokkas
  7 bats
  6 giant newts
  7 goblins
  3 kobolds
  6 rats
75 creatures vanquished.

Notes
Turn   | Place    | Note
--------------------------------------------------------------
     0 | D:1      | Lilouch, the Octopode Fire Elementalist, began the quest for the Orb.
     0 | D:1      | Reached XP level 1. HP: 11/11 MP: 3/3
   551 | D:1      | Reached XP level 2. HP: 17/17 MP: 4/4
  1261 | D:1      | Reached XP level 3. HP: 18/21 MP: 1/6
  2008 | D:2      | Reached XP level 4. HP: 27/27 MP: 8/8
  2570 | D:3      | Learned a level 3 spell: Conjure Flame
  2575 | D:3      | Learned a level 4 spell: Sticky Flame
  2629 | D:3      | Reached XP level 5. HP: 31/31 MP: 6/10
  2658 | D:3      | Reached skill level 4 in Stealth
  3502 | D:3      | Noticed senseless' ghost (average OpCj)
  3514 | D:3      | Killed from afar by senseless' ghost

Action                   |  1- 3 |  4- 6 || total
-------------------------+-------+-------++-------
Melee: Unarmed           |    30 |       ||    30
       Dagger            |    14 |    44 ||    58
       Trident           |       |    32 ||    32
Throw: Dagger            |       |     2 ||     2
 Cast: Flame Tongue      |    45 |    40 ||    85
       Conjure Flame     |       |     6 ||     6
       Sticky Flame      |       |     1 ||     1
  Use: Potion            |       |     1 ||     1
 Stab: Sleeping          |     8 |     3 ||    11
